 Dungeon Crawl Stone Soup version 0.26-a0-652-gafc20e3620 (webtiles) character file.

Game seed: 15340759787390795990

244 Kraken2834 the Sneak (level 5, -4/25 HPs)
             Began as a Spriggan Enchanter on Oct 3, 2020.
             Slain by a gnoll
             ... wielding a +0 spear
              (10 damage)
             ... on level 4 of the Dungeon.
             The game lasted 00:18:40 (5953 turns).

Kraken2834 the Sneak (Spriggan Enchanter)           Turns: 5953, Time: 00:18:40

Health: -4/25      AC:  3    Str:  4    XL:     5   Next: 83%
Magic:  9/10       EV: 20    Int: 22    God:
Gold:   213        SH:  5    Dex: 18    Spells: 9/10 levels left

rFire    . . .     SeeInvis +   a - +2 dagger
rCold    . . .     Faith    .   (shield restricted)
rNeg     . . .     Spirit   .   b - +0 robe
rPois    .         Reflect  +   (helmet restricted)
rElec    .         Harm     .   s - +0 cloak
rCorr    .         Rampage  .   (gloves unavailable)
MR       .....                  (boots unavailable)
Stlth    +++++.....             p - amulet of reflection
HPRegen  0.08/turn              l - +6 ring of intelligence
MPRegen  0.12/turn              r - ring of stealth

@: very quick
A: very small, unfitting armour, see invisible, speed 3
a: no special abilities


You were on level 4 of the Dungeon.
You visited 1 branch of the dungeon, and saw 4 of its levels.

You collected 213 gold pieces.

Inventory:

Hand Weapons
 a - a +2 dagger (weapon)
 q - a +0 rapier of protection
Armour
 b - a +0 robe (worn)
 s - a +0 cloak (worn)
Jewellery
 l - a +6 ring of intelligence (left hand)
 p - an amulet of reflection (around neck)
 r - a ring of stealth (right hand)
Scrolls
 e - 3 scrolls of identify
 f - 2 scrolls of remove curse
 h - 3 scrolls of blinking
 j - 2 scrolls of teleportation
 t - 2 scrolls of amnesia
 u - a scroll of magic mapping
Potions
 c - a potion of lignification
 d - 3 potions of curing
 g - 2 potions of invisibility
 i - a potion of ambrosia
 n - a potion of might


   Skills:
 * Level 1.2 Fighting
 * Level 3.3 Short Blades
 + Level 4.1 Dodging
 * Level 7.0 Stealth
 + Level 3.2 Spellcasting
 + Level 4.2 Hexes


You had 9 spell levels left.
You knew the following spells:

 Your Spells              Type           Power        Failure   Level
a - Corona                Hex            ###....      2%          1

Your spell library contained the following spells:

 Spells                   Type           Power        Failure   Level
 Confusing Touch          Hex            ###.....     6%          3
 Tukima's Dance           Hex            ###.....     6%          3
 Ensorcelled Hibernation  Hex/Ice        ##....       8%          2
 Freeze                   Ice            #...         12%         1
 Dazzling Flash           Conj/Hex       ##....       16%         3
 Frozen Ramparts          Ice            #.....       36%         3
 Ozocubu's Armour         Ice            #.......     36%         3
 Hailstorm                Conj/Ice       #.......     77%         4
 Summon Ice Beast         Ice/Summ       #.......     77%         4


Dungeon Overview and Level Annotations

Branches:
Dungeon (4/15)
 Temple: D:4-7

Altars:
Ashenzari
Nemelex Xobeh
Qazlal
Ru
Xom
Yredelemnul
Zin


Innate Abilities, Weirdness & Mutations

You are very small and have problems with some larger weapons.
You are too small for most types of armour.
You have supernaturally acute eyesight. (SInv)
You cover ground extremely quickly.


Message History

You hit the gnoll.
The gnoll is moderately wounded.
The gnoll completely misses you.
You hit the gnoll but do no damage.
The gnoll is moderately wounded.
You hit the gnoll.
The gnoll is moderately wounded.
The gnoll hits you with a +0 whip of electrocution!
* * * LOW HITPOINT WARNING * * *
You hit the gnoll.
The gnoll is severely wounded.
The gnoll closely misses you. The gnoll misses you.
You hit the gnoll.
The gnoll is almost dead.
You block the gnoll's attack. The gnoll misses you.
You hit the gnoll.
The gnoll is almost dead.
You block the gnoll's attack.
The gnoll hits you from afar with a +0 spear!
You die...

########## #####
.........#####....
#
###...).......###
#.
#[....#.###......
#.##.##..#.#
#.#####
#.?..#..#.# #.#
##@#....#.# #.#
#g...##.#.# #.#
#.#g####.#.# #.#
#.#.# #.#.# #.. #
#.# #.#.# ### ...
..... ... ...


You could see 2 gnolls.

Vanquished Creatures
  A scorpion (D:4)
  A worker ant (D:4)
  A gnoll (D:4)
  6 adders
  An ooze (D:2)
  An adder zombie (D:2)
  6 worms
  2 leopard geckos
  6 orcs
  5 giant cockroaches
  5 hobgoblins
  6 jackals
  A quokka (D:2)
  2 ball pythons
  7 bats
  5 frilled lizards
  7 goblins
  5 kobolds
  8 rats
76 creatures vanquished.

Notes
Turn   | Place    | Note
-------+----------+-------------------------------------------
     0 | D:1      | Kraken2834 the Spriggan Enchanter began the quest for the
                  | Orb.
     0 | D:1      | Reached XP level 1. HP: 9/9 MP: 5/5
   309 | D:1      | Reached XP level 2. HP: 12/13 MP: 6/6
   841 | D:1      | Reached skill level 5 in Stealth
  1747 | D:2      | Reached XP level 3. HP: 16/17 MP: 8/8
  2108 | D:2      | Reached skill level 6 in Stealth
  2342 | D:2      | Reached XP level 4. HP: 19/21 MP: 9/9
  3400 | D:3      | Reached skill level 1 in Fighting
  3588 | D:3      | HP: 1/22 [worm (6)]
  4080 | D:3      | Found a sacrificial altar of Ru.
  4250 | D:3      | Found a broken altar of Ashenzari.
  4252 | D:3      | Found a stormy altar of Qazlal.
  4255 | D:3      | Found a sacrificial altar of Ru.
  4264 | D:3      | Found a basalt altar of Yredelemnul.
  4264 | D:3      | Found a shimmering altar of Xom.
  4265 | D:3      | Found a sparkling altar of Nemelex Xobeh.
  4271 | D:3      | Found a glowing silver altar of Zin.
  4462 | D:3      | HP: 1/22 [orc/+0 short sword (6)]
  4468 | D:3      | Reached XP level 5. HP: 1/25 MP: 10/10
  5778 | D:4      | Reached skill level 7 in Stealth
  5953 | D:4      | Slain by a gnoll

Illustrated notes

Levels and vault maps discovered:
D:1:      dpeg_arrival_pond, layout_basic, minmay_misc_feat_roman
D:2:      minmay_inner_zag, layout_basic
D:3:      layout_loops_corners, minitemple, chequers_big_river,
          nicolae_ru_awakened_eye
D:4:      layout_loops_ring

Skill      XL: |  1  2  3  4  5 |
---------------+----------------+-----
Stealth        | 5 6 7 |  7.0
Hexes          | 4 |  4.2
Spellcasting   | 3 |  3.2
Short Blades   | 2 3 |  3.3
Fighting       | 1 |  1.2
Dodging        | 4 |  4.1

Action                   |  1- 3 |  4- 6 || total
-------------------------+-------+-------++-------
Melee: Dagger            |   191 |   268 ||   459
 Cast: Corona            |     7 |    14 ||    21
  Use: Potion            |       |     8 ||     8
       Scroll            |       |     6 ||     6
 Stab: Sleeping          |    18 |    12 ||    30
       Distracted        |     1 |     1 ||     2
Armor: Robe              |    14 |    10 ||    24
       Skin              |       |     5 ||     5
Dodge: Dodged            |   121 |   177 ||   298
Block: Other             |       |    25 ||    25

Table legend: (Time is in decaauts)
 A = Elapsed time spent in this place.
 B = Non-inter-level travel time spent in this place.
 C = Inter-level travel time spent in this place.
 D = Time resting spent in this place.
 E = Time spent auto-exploring this place.
 F = Levels seen in this place.
 G = Mean time per level.
                   A        B        C        D        E       F      G
               +--------+--------+--------+--------+--------+-----+--------+
         Total |   4878 |   4836 |     42 |   1777 |   2127 |   4 | 1219.5 |
       Dungeon |   4878 |   4836 |     42 |   1777 |   2127 |   4 | 1219.5 |
               +--------+--------+--------+--------+--------+-----+--------+

Top non-repeatable levels by time:
     D:3: 1886 daAuts
     D:2: 1573 daAuts
     D:1: 999 daAuts
     D:4: 418 daAuts
